 Dungeon Crawl Stone Soup version 0.30.0-5-g1a98f26d00 (webtiles) character file.

Game seed: 3205380531449105145

846 SnakkuSnakku7 the Skirmisher (level 8, -1/46 HPs)
             Began as a Tengu Enchanter on May 9, 2023.
             Slain by a wraith (11 damage)
             ... in an ossuary.
             The game lasted 00:05:04 (2580 turns).

SnakkuSnakku7 the Skirmisher (Tengu Enchanter)      Turns: 2580, Time: 00:05:05

Health: -1/46      AC:  2    Str:  9    XL:     8   Next: 0%
Magic:  21/21      EV: 20    Int: 16    God:
Gold:   145        SH:  0    Dex: 16    Spells: 11/11 levels left

rFire   . . .        b - +0 sling (heavy)
rCold   . . .        (no shield)
rNeg    . . .        k - +0 robe
rPois   .            (helmet restricted)
rElec   .            (no cloak)
rCorr   .            (no gloves)
SInv    .            (boots unavailable)
Will    .....        (no amulet)
Stlth   ++           d - +5 ring of evasion
HPRegen 0.27/turn    p - ring of magical power
MPRegen 0.17/turn

%: no passive effects
@: brilliant, flying quickly and evasively, slowed, invisible, very slow
A: beak, talons 3, nimble flight
a: no special abilities


You were in an ossuary.
You visited 1 branch of the dungeon, and saw 4 of its levels.
You also visited: Ossuary.

You collected 145 gold pieces.

Inventory:

Hand Weapons
 a - a +2 dagger of venom
 b - a +0 heavy sling (weapon)
 f - a +1 dagger
Armour
 k - a +0 robe (worn)
Jewellery
 d - a +5 ring of evasion (left hand)
 p - a ring of magical power (right hand)
 s - a +6 ring of intelligence
Scrolls
 j - a scroll of fog
Potions
 c - a potion of invisibility
 e - a potion of lignification {unknown}
 g - 3 potions of curing
 h - 2 potions of might {unknown}
 i - a potion of mutation {unknown}
 o - a potion of brilliance


   Skills:
 - Level 3.2 Fighting
 - Level 1.1 Short Blades
 + Level 8.6 Ranged Weapons
 - Level 2.1 Dodging
 - Level 3.0 Stealth
 - Level 2.0 Spellcasting
 - Level 2.1 Hexes


You had 11 spell levels left.
You didn't know any spells.
Your spell library contained the following spells:

 Spells                   Type           Power      Damage    Failure   Level
 Magic Dart               Conj           8%         1d3       21%         1
 Ensorcelled Hibernation  Hex/Ice        14%        N/A       21%         2
 Confusing Touch          Hex            12%        N/A       26%         3
 Tukima's Dance           Hex            12%        N/A       26%         3
 Call Imp                 Summ           4%         N/A       30%         2
 Dazzling Flash           Conj/Hex       14%        N/A       36%         3
 Mephitic Cloud           Conj/Pois/Air  2%         N/A       52%         3


Dungeon Overview and Level Annotations

Branches:
Dungeon (5/15)            Ossuary (1/1)
 Temple: D:4-7

Altars:
Gozag

Shops:
D:5 *


Innate Abilities, Weirdness & Mutations

You have a beak for a mouth.
You have claws for feet.
Your magical nature lets you fly swiftly and evasively.


Message History

The sling bullet closely misses the wraith.
The wraith misses you.
You shoot a sling bullet.
The sling bullet closely misses the wraith.
The wraith hits you! The wraith drains your vigour!
You feel as though you will be slow longer.
The wraith hits you!
* * * LOW HITPOINT WARNING * * *
The wraith drains your vigour!
You feel as though you will be slow longer.
Magic scrolls do not work when you're silenced!
Blink to where?
Press: ? - help, Dir - move target, p - wraith
As you read the scroll labelled KECAPL YSEANU, it crumbles to dust.
It was a scroll of blinking.
Magic scrolls do not work when you're silenced!
Unknown command.
As you read the scroll labelled LITO FEAGG, it crumbles to dust.
You feel aware of your surroundings.
It was a scroll of magic mapping.
Unknown command.
As you read the scroll labelled WAKHIYTUIPH, it crumbles to dust.
It is a scroll of brand weapon.
Your +0 sling becomes incredibly heavy!
b - a +0 heavy sling (weapon)
As you read the scroll labelled RUCRECWALO, it crumbles to dust.
It is a scroll of identify.
g - 3 potions of curing The wraith hits you.
* * * LOW HITPOINT WARNING * * *
The wraith drains your vigour!
You feel as though you will be slow longer.
As you read the scroll labelled JAWACI PAUTELIAW, it crumbles to dust.
The creatures around you are filled with an inner flame!
It was a scroll of immolation.
The wraith completely misses you.
Unknown command.
Okay, then.
It was a potion of brilliance.
You feel clever all of a sudden. The wraith hits you!
You die...

#......# **,** #......#
#......## *** ##......#
#.§.....## ##.......#
#........### ###........#
#.§...8....#####....8.....#
#§...8#8.....'.....8#8....#
#.....8......'......8.....#
##........W..'...........##
##........@###.........##
##........# #........##
########## ##########


You could see a wraith (inner flame).

Vanquished Creatures
  A kobold demonologist (D:5)
  2 water moccasin zombies (Ossuary)
  2 bullfrog zombies (Ossuary)
  6 centaur zombies (Ossuary)
  A hound (D:5)
  An iguana (D:5)
  A scorpion zombie (Ossuary)
  2 ogre zombies (Ossuary)
  An adder (D:3)
  An ufetubus (D:5)
  2 adder zombies (Ossuary)
  A worm (D:2)
  3 dart slugs
  3 ball pythons
  6 endoplasms
  2 giant cockroaches
  4 gnoll zombies (Ossuary)
  5 goblins
  5 hobgoblins
  12 jackals
  6 kobolds
  5 quokkas
  2 bats
  A frilled lizard (D:2)
  3 goblin zombies (Ossuary)
  2 hobgoblin zombies (Ossuary)
  3 orc zombies (Ossuary)
  2 rats
85 creatures vanquished.

Notes
Turn   | Place    | Note
-------+----------+-------------------------------------------
     0 | D:1      | SnakkuSnakku7 the Tengu Enchanter began the quest for the
                  | Orb.
     0 | D:1      | Reached XP level 1. HP: 10/10 MP: 4/4
   136 | D:1      | Reached skill level 1 in Fighting
   153 | D:1      | Reached XP level 2. HP: 16/16 MP: 6/6
   450 | D:1      | Reached XP level 3. HP: 22/22 MP: 7/7
  1367 | D:3      | Reached XP level 4. HP: 28/28 MP: 8/8
  1373 | D:2      | Reached skill level 1 in Ranged Weapons
  1534 | D:3      | Reached skill level 2 in Ranged Weapons
  1542 | D:3      | You fall into a shaft and drop 2 floors!
  1542 | D:5      | Entered Level 5 of the Dungeon
  1564 | D:5      | Found Gozag's Platinum Reserve.
  1611 | D:5      | Found an opulent altar of Gozag.
  1641 | D:5      | Noticed a kobold demonologist
  1662 | D:5      | Killed a kobold demonologist
  1663 | D:5      | Reached skill level 5 in Ranged Weapons
  1663 | D:5      | Gained mutation: Your magical nature lets you fly swiftly
                  | and evasively. [Tengu growth]
  1663 | D:5      | Reached XP level 5. HP: 21/32 MP: 9/9
  1663 | D:5      | Reached XP level 6. HP: 24/37 MP: 10/10
  1673 | D:5      | Reached skill level 6 in Ranged Weapons
  1732 | D:5      | Found a sand-covered staircase.
  1741 | Ossuary  | Entered an ossuary
  1788 | Ossuary  | Reached XP level 7. HP: 34/41 MP: 11/11
  1814 | Ossuary  | Reached skill level 7 in Ranged Weapons
  2218 | Ossuary  | Reached skill level 8 in Ranged Weapons
  2431 | Ossuary  | Reached XP level 8. HP: 21/46 MP: 12/12
  2540 | Ossuary  | Noticed a wraith
  2580 | Ossuary  | Slain by a wraith

Illustrated notes

Levels and vault maps discovered:
D:1:      minmay_arrival_stone_box, layout_loops_corners
D:2:      layout_basic, corexii_shack, minmay_tromino_v4_b
D:3:      layout_basic, mainiacjoe_overflow_alcove_1,
          mainiacjoe_overflow_brackets, grunt_ministairs_2, uniq_grinder
D:5:      layout_cave_pods, nicolae_gozag_zags_fifth_avenue,
          nicolae_ossuary_entry_ruins
Ossuary:  ossuary_hellmonk_silent_tomb

Skill      XL: |  1  2  3  4  5  6  7 |
---------------+----------------------+-----
Fighting       | 1 2 3 |  3.2
Ranged Weapons | 5 6 8 |  8.6
Short Blades   | |  1.1
Dodging        | |  2.1
Stealth        | |  3.0
Spellcasting   | |  2.0
Hexes          | |  2.1

Action                     |  1- 3 |  4- 6 |  7- 9 || total
---------------------------+-------+-------+-------++-------
  Melee: Dagger            |    72 |    49 |       ||   121
         Kick              |    18 |    16 |       ||    34
         Peck              |     8 |     7 |       ||    15
         Punch             |       |     1 |       ||     1
   Fire: Sling             |       |    29 |   189 ||   218
    Use: Scroll            |       |       |     7 ||     7
         Potion            |       |       |     2 ||     2
   Stab: Sleeping          |     9 |     3 |       ||    12
 Armour: Robe              |     5 |     8 |    29 ||    42
  Dodge: Dodged            |    32 |    61 |   259 ||   352
